Map: Inside and Out

Players

Rex

  • Race: Zerg Zerg
  • League: Master
  • Spawn Location: 1:00

Nice - Winner!

  • Race: Protoss Protoss
  • Spawn Location: 7:00

VOD

Have the link to the VOD?

Description

Time

  • Played on: Oct. 23, 2022, 7:16 p.m.
  • Length: 13:11
Show
View Real Time Build Order
Export as new Build Order

Rex Zerg 

Build Orders: Hatch First 

Get SALT Encoding   

  12  0:00  Drone  
  13  0:13  Overlord  
  13  0:17  Drone  
  14  0:32  Drone x2  
  16  0:52  Drone, Hatchery  
  16  0:56  Drone  
  17  0:58  Drone  
  18  1:10  Extractor  
  17  1:13  Spawning Pool  
  17  1:17  Drone  
  17  1:21  Drone  
  18  1:29  Drone  
  19  1:40  Drone  
  20  1:51  Overlord  
  20  2:04  Queen x2  
  20  2:05  Zergling x4  
  26  2:10  Metabolic Boost  
  26  2:13  Drone  
  26  2:14  Drone  
  28  2:23  Drone  
  28  2:25  Drone  
  30  2:37  Hatchery  
  30  2:43  Zergling x4  
  31  2:48  Queen  
  32  2:51  Zergling x2  
  32  2:56  Overlord  
  33  3:01  Zergling x2, Drone  
  35  3:06  Zergling x2  
  36  3:18  Zergling x12  
  40  3:29  Zergling x6  
  43  3:35  Zergling x2  
  43  3:40  Overlord  
  44  3:44  Overlord  
  44  3:47  Queen  
  44  3:49  Drone  
  44  3:52  Drone  
  46  3:58  Drone  
  46  3:59  Drone x2  
  46  4:01  Drone x3  
  46  4:02  Drone  
  53  4:04  Drone  
  53  4:08  Drone x2  
  56  4:11  Drone  
  56  4:14  Drone  
  58  4:19  Drone  
  58  4:23  Drone  
  60  4:24  Spore Crawler  
  60  4:28  Spore Crawler  
  60  4:30  Queen  
  60  4:32  Drone  
  60  4:35  Drone  
  61  4:40  Drone x4  
  61  4:42  Drone x2  
  63  4:46  Drone x2  
  63  4:49  Drone  
  63  4:52  Drone  
  62  4:56  Evolution Chamber  
  62  4:57  Drone  
  59  5:00  Drone x2  
  61  5:13  Roach Warren  
  60  5:17  Lair  
  60  5:18  Drone x5  
  65  5:22  Spore Crawler, Extractor x3  
  65  5:23  Overlord  
  65  5:24  Overlord  
  61  5:31  Drone x4  
  65  5:37  Overlord x2  
  65  5:38  Overlord  
  63  5:43  Overlord  
  62  5:54  Zergling x2, Roach x6  
  75  5:59  Roach x2  
  75  6:02  Roach  
  75  6:03  Queen  
  83  6:06  Roach  
  83  6:07  Roach  
  87  6:13  Roach x3  
  93  6:20  Roach x3  
  99  6:28  Roach x4  
  99  6:31  Roach x2  
  111  6:35  Queen  
  111  6:37  Drone  
  112  6:43  Overlord x2  
  112  6:45  Glial Reconstitution  
  112  6:47  Overlord  
  112  6:52  Drone  
  113  6:56  Drone, Overlord x2  
  113  7:04  Zergling x10  
  113  7:06  Zergling x2  
  118  7:10  Drone  
  118  7:11  Zergling x2, Drone  
  120  7:16  Zergling x2, Drone  
  120  7:18  Drone x3  
  120  7:21  Spire  
  120  7:22  Extractor  
  123  7:24  Drone  
  123  7:26  Extractor  
  123  7:27  Drone x2  
  124  7:33  Drone  
  124  7:36  Drone  
  125  7:42  Drone  
  124  7:44  Drone x9  
  133  7:51  Drone  
  133  7:56  Zergling x4  
  136  7:58  Overseer  
  136  8:04  Drone  
  138  8:05  Drone  
  138  8:08  Overlord  
  138  8:11  Overlord  
  137  8:14  Zerg Missile Weapons Level 1  
  137  8:15  Drone x4  
  137  8:16  Overlord x5  
  141  8:27  Hatchery  
  137  8:37  Mutalisk x7  
  137  8:38  Mutalisk  
  153  8:46  Mutalisk x3  
  158  8:49  Zergling x2  
  158  8:50  Zergling x6  
  161  8:55  Overseer  
  161  8:58  Zergling x6  
  164  9:03  Zergling x4  
  164  9:08  Zergling x18  
  175  9:17  Ravager  
  175  9:18  Ravager x5  
  175  9:19  Zergling x6  
  184  9:28  Baneling Nest  
  179  9:32  Zergling x6  
  181  9:43  Hatchery  
  181  9:45  Zergling x18  
  189  9:52  Zergling x4  
  183  10:01  Zergling x2  
  183  10:02  Zergling x20  
  192  10:13  Centrifugal Hooks, Zerg Melee Weapons Level 1  
  192  10:14  Baneling x11  
  192  10:15  Baneling x16  
  192  10:19  Extractor  
  192  10:20  Drone x7  
  198  10:21  Spore Crawler  
  198  10:22  Spine Crawler  
  198  10:24  Zergling x6  
  199  10:29  Baneling x8  
  199  10:30  Baneling x2  
  199  10:34  Zergling x2  
  198  10:43  Zergling x2  
  198  10:44  Zergling x6  
  198  10:48  Zergling x2, Ravager x3  
  198  10:49  Zergling x8  
  198  11:05  Zergling x4  
  164  11:27  Zergling x40  
  164  11:33  Zergling x2, Drone  
  164  11:37  Roach x6  
  156  11:40  Roach x4  
  156  11:41  Baneling x7  
  156  11:44  Roach  
  156  11:47  Baneling x3  
  156  11:48  Baneling x14  
  156  11:50  Roach x4  
  156  11:53  Zergling x2, Baneling x7  
  165  11:57  Zergling x2, Roach x8  
  181  12:05  Roach x4  
  181  12:06  Roach  
  170  12:10  Roach x3  
  170  12:13  Roach  
  146  12:16  Roach  
  146  12:21  Roach x3  
  124  12:23  Roach  
  124  12:25  Roach  
  124  12:26  Roach  
  124  12:28  Roach  
  124  12:29  Ravager  
  108  12:30  Zergling x2  
  108  12:31  Zergling x2  
  108  12:32  Zergling x2  
  108  12:33  Ravager  
  108  12:35  Zergling x2, Drone  
  106  12:37  Zergling x2  
  106  12:38  Zergling x2  
  106  12:39  Zergling x2  
  106  12:41  Drone, Ravager  
  106  12:42  Zergling x2  
  111  12:45  Zergling x2, Ravager  
  111  12:47  Zergling x2  
  111  12:50  Zergling x2, Drone  
  103  12:58  Drone  
  82  12:59  Drone  
Show
View Real Time Build Order
Export as new Build Order

Nice Protoss - Winner!

Build Orders: 1 Gate Expand, Oracle Opening, Zealot Archon, Archon Drop 

Get SALT Encoding   

  12  0:00  Probe  
  13  0:12  Probe  
  14  0:19  Pylon  
  14  0:24  Probe  
  15  0:37  Probe (Chrono Boost)  
  15  0:41  Gateway  
  16  0:49  Probe (Chrono Boost)  
  17  0:50  Assimilator  
  17  0:54  Probe (Chrono Boost)  
  18  1:04  Probe  
  19  1:16  Probe  
  20  1:28  Cybernetics Core  
  20  1:36  Nexus  
  20  1:44  Pylon  
  20  1:50  Probe  
  20  1:51  Assimilator  
  21  2:02  Adept (Chrono Boost)  
  21  2:03  Probe  
  24  2:15  Probe  
  25  2:23  Adept (Chrono Boost)  
  25  2:27  Probe  
  28  2:30  Stargate  
  28  2:39  Probe  
  28  2:40  Warp Gate  
  29  2:45  Adept  
  32  2:51  Probe  
  32  2:52  Probe  
  33  3:03  Probe  
  33  3:04  Probe  
  35  3:11  Gateway  
  35  3:13  Oracle (Chrono Boost)  
  35  3:15  Probe  
  35  3:17  Probe  
  40  3:27  Probe  
  40  3:29  Probe  
  40  3:30  Pylon  
  42  3:39  Probe  
  42  3:41  Probe  
  44  3:47  Oracle (Chrono Boost), Pylon x2  
  40  3:54  Shield Battery  
  40  3:55  Probe x2  
  46  4:07  Probe x2  
  48  4:11  Assimilator  
  48  4:14  Assimilator  
  46  4:19  Probe x2  
  46  4:20  Forge  
  46  4:21  Twilight Council  
  46  4:22  Pylon  
  48  4:27  Robotics Facility  
  49  4:31  Probe  
  49  4:34  Zealot x2  
  49  4:36  Probe  
  54  4:42  Protoss Ground Weapons Level 1 (Chrono Boost)  
  54  4:45  Probe  
  55  4:50  Probe  
  52  4:54  Zealot x2  
  52  4:57  Probe  
  57  5:05  Charge (Chrono Boost)  
  57  5:12  Templar Archives  
  57  5:15  Gateway  
  57  5:18  Gateway  
  57  5:19  Warp Prism (Chrono Boost)  
  59  5:28  Zealot  
  59  5:29  Zealot  
  63  5:47  Probe  
  63  5:48  Nexus  
  63  5:49  Probe  
  65  5:51  Pylon  
  65  5:59  Probe  
  65  6:00  Pylon  
  65  6:01  Probe  
  67  6:10  Shield Battery, Pylon  
  67  6:11  Probe  
  67  6:12  High Templar x4  
  67  6:16  Archon x2, Pylon  
  67  6:18  Observer  
  77  6:21  Probe  
  77  6:23  Probe  
  77  6:24  Gateway  
  79  6:39  Probe  
  80  6:41  Immortal (Chrono Boost)  
  80  6:42  Blink (Chrono Boost)  
  80  6:45  Probe  
  85  6:51  Probe  
  85  6:53  Protoss Ground Weapons Level 2 (Chrono Boost)  
  86  6:57  Zealot, Probe  
  86  6:58  Zealot  
  83  7:03  Probe x2  
  85  7:10  Probe  
  85  7:14  Shield Battery  
  85  7:15  Immortal (Chrono Boost), Probe  
  87  7:16  Pylon  
  91  7:24  Stalker  
  91  7:25  Stalker  
  95  7:34  Stalker  
  95  7:35  Stalker  
  95  7:36  Stalker  
  101  7:47  Immortal  
  101  7:48  Stalker  
  101  7:49  Stalker  
  109  7:55  Probe x3  
  112  8:01  Assimilator  
  112  8:02  Assimilator  
  112  8:03  Pylon  
  112  8:16  Stalker x5  
  122  8:21  Gateway  
  122  8:23  Gateway  
  122  8:40  Robotics Bay  
  122  8:42  Robotics Facility, Pylon  
  122  8:43  Observer (Chrono Boost)  
  122  8:47  Pylon  
  123  8:49  Pylon  
  123  9:01  Pylon  
  123  9:10  Photon Cannon  
  123  9:12  Shield Battery  
  123  9:13  Phoenix (Chrono Boost), Protoss Ground Weapons Level 3 (Chrono Boost)  
  121  9:17  Stalker  
  121  9:18  Stalker x6  
  121  9:23  Photon Cannon  
  135  9:29  Shield Battery, Phoenix  
  136  9:39  Pylon  
  136  9:41  Zealot x6, Pylon  
  146  9:54  Phoenix (Chrono Boost)  
  144  10:08  High Templar x4  
  144  10:12  Archon x2, Photon Cannon  
  152  10:14  Photon Cannon  
  152  10:20  Zealot x3  
  158  10:22  Probe x3  
  158  10:25  Phoenix  
  163  10:34  Probe  
  164  10:37  Pylon  
  166  10:43  Probe x2  
  166  10:46  Probe  
  166  10:47  Disruptor (Chrono Boost)  
  164  10:50  Nexus  
  164  10:52  High Templar x2  
  164  10:54  Pylon  
  164  10:55  Probe x2  
  170  10:57  Archon  
  170  10:58  Probe  
  171  11:07  Shield Battery, Probe  
  171  11:09  Photon Cannon  
  141  11:32  Disruptor  
  142  11:42  Stalker x5  
  142  11:43  Stalker x2  
  142  11:44  Probe x3  
  139  11:56  Probe x3  
  139  12:00  Nexus  
  138  12:08  Probe x3  
  138  12:12  Stalker x3  
  127  12:20  Probe x2  
  113  12:31  High Templar x3  
  113  12:32  High Templar  
  113  12:36  Archon x2  
  121  12:40  Stalker x3  
Tags
 
Add a new tag
Caveats
  • Supply blocks, unpowered buildings, or Contaminate may cause inaccurate times.
  • Supply counts are checked every 10 seconds.